 Dungeon Sprint DCSS version 0.27-a0-1105-g946c659c87 (webtiles) character file.

Game seed: 17203503290399012936

624 Zeld the Destroyer (level 7, -11/54 HPs)
             Began as an Octopode Conjurer on Apr 29, 2021.
             Was a Follower of Sif Muna.
             Killed from afar by Sonja (13 damage)
             ... with an iceblast
             ... in the Dungeon (Sprint I: "Red Sonja").
             The game lasted 00:01:38 (1746 turns).

Zeld the Destroyer (Octopode Conjurer)              Turns: 1746, Time: 00:01:39

Health: -11/54     AC:  1    Str:  6    XL:     7   Next: 47%
Magic:  13/18      EV: 14    Int: 22    God:    Sif Muna [*.....]
Gold:   405        SH:  0    Dex: 11    Spells: 10/21 levels left

rFire    . . .     SeeInvis .   (no weapon)
rCold    . . .     Faith    .   (no shield)
rNeg     . . .     Spirit   .   (helmet restricted)
rPois    .         Reflect  .   (no amulet)
rElec    .         Harm     .   (no ring)
rCorr    .         Rampage  .   (no ring)
Will     .....     NoTele   +   (no ring)
Stlth    +++.......             (no ring)
HPRegen  0.18/turn              (no ring)
MPRegen  0.16/turn              (no ring)
                                (no ring)
                                (no ring)

@: lethally poisoned (-11 -> -15), attractive, slowed, very slow
A: almost no armour, amphibious, 8 rings, camouflage 1, gelatinous body 1,
(nimble swimmer 1), tentacles
a: Renounce Religion, Channel Magic


You were in the Dungeon.
You worshipped Sif Muna.
Sif Muna was aware of your devotion.
You visited 1 branch You collected 405 gold pieces.

Inventory:

Wands
 a - a wand of flame (14)
Scrolls
 c - a scroll of immolation {unknown}
 g - a scroll of blinking
Potions
 d - a potion of haste
 e - 2 potions of magic


   Skills:
 * Level 7.9 Fighting
 + Level 5.9 Dodging
 - Level 2.6 Stealth
 * Level 7.5 Spellcasting
 * Level 9.0 Conjurations
 + Level 5.3 Evocations


You had 10 spell levels left.
You knew the following spells:

 Your Spells              Type           Power      Damage    Failure   Level
a - Magic Dart            Conj           100%       1d8       1%          1
b - Searing Ray           Conj           96%        3d7       1%          2
c - Fulminant Prism       Conj/Hex       14%        3d9       12%         4
d - Iskenderun's Mystic   Conj/Tloc      28%        2d7       12%         4

Your spell library contained the following spells:

 Spells                   Type           Power      Damage    Failure   Level
 Dazzling Flash           Conj/Hex       56%        N/A       3%          3


Dungeon Overview and Level Annotations

Branches:
Dungeon (1/1)

Altars:
Cheibriados
Dithmenos
Elyvilon
Fedhas
Gozag
Hepliaklqana
Kikubaaqudgha
Makhleb
Nemelex Xobeh
Okawaru
Qazlal
Ru
Sif Muna
Trog
Uskayaw
Vehumet
Wu Jian
Xom
Yredelemnul
Zin
The Shining One
Jiyva
Lugonu

Shops:
D [

Annotations:
D Sonja


Innate Abilities, Weirdness & Mutations

You cannot wear most types of armour.
You are amphibious.
You can wear up to eight rings at the same time.
Your skin changes colour to match your surroundings (Stealth+).
Your rubbery body absorbs attacks. (AC +1, EV +1)
((You are camouflaged near water. (Stealth+)))
You have tentacles for arms and can constrict up to eight enemies at once.


Message History

Sonja throws a curare-tipped dart.
The curare-tipped dart hits you.
You are poisoned.
You have difficulty breathing.
You feel yourself slow down.
The searing ray hits Sonja!
Sonja is severely wounded.
You feel very sick.
Sonja twirls her cape.
Sonja throws a curare-tipped dart.
The curare-tipped dart completely misses you.
The searing ray hits Sonja!
Sonja is almost dead.
You feel very sick.
Sonja zaps a wand.
The mass of ice explodes!
The iceblast engulfs you!
Sonja mumbles some strange words.
Sonja blinks!
Unknown command.
Casting: Searing Ray (safe; 1% risk of failure)
Confirm with . or Enter, or press ? or * to list all spells.
Aiming: Searing Ray (safe; 1% risk of failure)
Press: ? - help, Shift-Dir - straight line, f/p - Sonja
Aim: Sonja, wielding a +1 short sword of distortion, quivering curare-tipped darts and carrying a wand of iceblast (6) (almost dead, 52% to hit)
The searing ray misses Sonja. (Press . to maintain the ray.)
You feel very sick.
Sonja hits you with a +1 short sword of distortion!
Space warps horribly around you!
* * * LOW HITPOINT WARNING * * *
Sonja barely misses you.
Sonja hits you with a +1 short sword of distortion.
* * * LOW HITPOINT WARNING * * *
Space bends around you.
* * * LOW HITPOINT WARNING * * *
Sonja mumbles some strange words.
Sonja blinks!
It was a potion of attraction.
You feel attractive to monsters.
* * * LOW HITPOINT WARNING * * *
You feel sick.
Sonja drinks a potion.
Sonja is healed!
Sonja zaps a wand.
The mass of ice explodes!
The iceblast engulfs you!
You die...

######################
#<.#..'..#..'..#__#..+
#..').#).)..#..'..'..#
#..#####'#####'#__####
#..####..#...#[####
#..#__####..##K#
#..#_____##'#_.+
#⌠⌠#_.∩...'..._#
####_..__##§@#'#
#_____###'#(# #######
#.### $.$ $.$ ##.##
#+#


You could see Sonja.

Vanquished Creatures
  A slime creature (D)
  Sigmund (D)
  A yak (D)
  An ogre (D)
  A jelly (D)
  Ijyb (D)
6 creatures vanquished.

Vanquished Creatures (others)
  A gargoyle (D)
1 creature vanquished.

Grand Total: 7 creatures vanquished

Notes
Turn   | Place    | Note
-------+----------+-------------------------------------------
     0 | D        | Zeld the Octopode Conjurer began the quest for the Orb.
     0 | D        | Reached XP level 1. HP: 11/11 MP: 3/3
     3 | D        | Noticed Ijyb
    13 | D        | Killed Ijyb
    14 | D        | Reached skill level 5 in Conjurations
    14 | D        | Reached XP level 2. HP: 8/20 MP: 4/6
    14 | D        | Reached XP level 3. HP: 10/25 MP: 4/7
   334 | D        | Noticed an ogre
   339 | D        | Learned a level 2 spell: Searing Ray
   340 | D        | Killed an ogre
   341 | D        | Reached skill level 6 in Conjurations
   341 | D        | Reached XP level 4. HP: 34/34 MP: 4/10
   533 | D        | Learned a level 4 spell: Fulminant Prism
   538 | D        | Learned a level 4 spell: Iskenderun's Mystic Blast
   788 | D        | Killed a gargoyle
   813 | D        | Noticed Sigmund
   828 | D        | HP: 1/34 [something (4)]
   829 | D        | Killed Sigmund
   830 | D        | Reached skill level 7 in Conjurations
   830 | D        | Reached XP level 5. HP: 2/41 MP: 6/13
   830 | D        | Reached XP level 6. HP: 2/46 MP: 6/15
  1251 | D        | Found an ornate altar of the Wu Jian Council.
  1251 | D        | Found a shimmering blue altar of Sif Muna.
  1253 | D        | Found a radiant altar of Vehumet.
  1257 | D        | Became a worshipper of Sif Muna the Loreminder
  1400 | D        | Found Opemoiq's Armour Emporium.
  1400 | D        | Found an ancient bone altar of Kikubaaqudgha.
  1400 | D        | Found a hazy altar of Hepliaklqana.
  1400 | D        | Found a stormy altar of Qazlal.
  1400 | D        | Found a hide-covered altar of Uskayaw.
  1400 | D        | Found a blossoming altar of Fedhas.
  1400 | D        | Found a bloodstained altar of Trog.
  1400 | D        | Found an iron altar of Okawaru.
  1400 | D        | Found a basalt altar of Yredelemnul.
  1400 | D        | Found a glowing golden altar of the Shining One.
  1400 | D        | Found a snail-covered altar of Cheibriados.
  1400 | D        | Found a sacrificial altar of Ru.
  1400 | D        | Found a glowing silver altar of Zin.
  1400 | D        | Found a shadowy altar of Dithmenos.
  1400 | D        | Found a white marble altar of Elyvilon.
  1400 | D        | Noticed a yak
  1408 | D        | Killed a yak
  1409 | D        | Reached skill level 5 in Dodging
  1409 | D        | Reached skill level 8 in Conjurations
  1409 | D        | Reached XP level 7. HP: 40/54 MP: 8/17
  1425 | D        | Found an opulent altar of Gozag.
  1426 | D        | Found a sparkling altar of Nemelex Xobeh.
  1488 | D        | Found a burning altar of Makhleb.
  1488 | D        | Found a viscous altar of Jiyva.
  1488 | D        | Found a shimmering altar of Xom.
  1488 | D        | Found a corrupted altar of Lugonu.
  1488 | D        | Noticed a slime creature
  1497 | D        | Killed a slime creature
  1497 | D        | Reached * piety under Sif Muna
  1498 | D        | Reached skill level 9 in Conjurations
  1498 | D        | Reached skill level 5 in Evocations
  1741 | D        | Noticed Sonja
  1746 | D        | HP: 2/54 [poisoned by Sonja (curare-tipped dart)]
  1746 | D        | Killed from afar by Sonja

Illustrated notes

Levels and vault maps discovered:
D:        dungeon_sprint_1 [red_sonja_temple_1, red_sonja_temple_small_1]

Skill      XL: |  1  2  3  4  5  6  7 |
---------------+----------------------+-----
Fighting       | 2 4 6 7 |  7.9
Spellcasting   | 3 4 6 7 |  7.5
Conjurations   | 5 6 7 8 9 |  9.0
Dodging        | 3 4 5 |  5.9
Evocations     | 2 3 4 5 |  5.3
Stealth        | |  2.6

Action                   |  1- 3 |  4- 6 |  7- 9 || total
-------------------------+-------+-------+-------++-------
Melee: Unarmed           |     8 |       |       ||     8
       Constrict         |     1 |       |       ||     1
       Tentacles         |     1 |       |       ||     1
 Cast: Searing Ray       |     1 |     5 |     4 ||    10
       Iskenderun's Myst |       |       |     2 ||     2
Evoke: Wand              |       |     6 |       ||     6
  Use: Potion            |     1 |     2 |     1 ||     4
Armor: Skin              |       |     1 |       ||     1
Dodge: Dodged            |     3 |     5 |     2 ||    10

Table legend: (Time is in decaauts)
 A = Elapsed time spent in this place.
 B = Non-inter-level travel time spent in this place.
 C = Inter-level travel time spent in this place.
 D = Time resting spent in this place.
 E = Time spent auto-exploring this place.
 F = Levels seen in this place.
 G = Mean time per level.
                   A        B        C        D        E       F      G
               +--------+--------+--------+--------+--------+-----+--------+
         Total |   1751 |   1751 |      0 |   1562 |      0 |   1 | 1751.0 |
       Dungeon |   1751 |   1751 |      0 |   1562 |      0 |   1 | 1751.0 |
               +--------+--------+--------+--------+--------+-----+--------+

Top non-repeatable levels by time:
       D: 1751 daAuts
